 Dungeon Crawl Stone Soup version 0.29-a0-330-g52719c12eb (webtiles) character file.

Game seed: 12293212603584646903

6738 Crownlay the Marksspriggan (level 10, -6/46 HPs)
             Began as a Spriggan Hunter on May 13, 2022.
             Was a Believer of Dithmenos.
             Killed by refrigeration
             ... invoked by Fannar
              (30 damage)
             ... on level 10 of the Dungeon.
             The game lasted 00:15:19 (9116 turns).

Crownlay the Marksspriggan (Spriggan Hunter)        Turns: 9116, Time: 00:15:19

Health: -6/46      AC:  8    Str:  7    XL:     10   Next: 75%
Magic:  11/11      EV: 23    Int: 11    God:    Dithmenos [**....]
Gold:   1390       SH:  0    Dex: 29    Spells: 9/9 levels left

rFire   . . .      SeeInvis +   b - +4 shortbow (vorpal)
rCold   . . .      Faith    .   (shield currently unavailable)
rNeg    . . .      Spirit   .   K - +0 steam dragon scales
rPois   .          Reflect  .   (helmet restricted)
rElec   .          Harm     .   A - +2 cloak
rCorr   .          Rampage  .   (gloves unavailable)
Will    +....                   (boots unavailable)
Stlth   +++++++++.              N - amulet of regeneration
HPRegen 0.95/turn               m - +6 ring of dexterity
MPRegen 0.12/turn               o - +4 ring of evasion

@: wreathed by umbra, very quick
A: very small, no large weapons, unfitting armour, see invisible, speed 3
a: Renounce Religion, Shadow Step


You were on level 10 of the Dungeon.
You worshipped Dithmenos.
Dithmenos was pleased with you.
You visited 2 branches of the dungeon, and saw 11 of its levels.
You also visited: Sewer.

You collected 1738 gold pieces.
You spent 348 gold pieces at shops.

Inventory:

Hand Weapons
 a - a +3 shortbow
 b - a +4 vorpal shortbow (weapon)
 P - a +2 shortbow of freezing
Missiles
 p - 7 throwing nets
Armour
 A - a +2 cloak (worn)
 K - +0 steam dragon scales (worn)
Jewellery
 m - a +6 ring of dexterity (left hand)
 o - a +4 ring of evasion (right hand)
 B - an amulet of guardian spirit
 N - an amulet of regeneration (around neck)
 R - a ring of ice
Wands
 y - a wand of flame (9)
 G - a wand of polymorph (17)
 H - a wand of mindburst (15)
 I - a wand of digging (3)
 J - a wand of charming (10)
 O - a wand of acid (16)
Scrolls
 c - 2 scrolls of immolation
 e - 5 scrolls of fear
 g - 3 scrolls of amnesia
 h - 2 scrolls of fog
 k - 2 scrolls of magic mapping
 q - a scroll of holy word
 u - a scroll of torment
 v - 2 scrolls of blinking
 x - a scroll of brand weapon {unknown}
 C - 2 scrolls of teleportation {unknown}
 F - a scroll of vulnerability {unknown}
Potions
 d - 3 potions of brilliance
 f - 2 potions of invisibility
 i - 4 potions of flight
 j - 8 potions of heal wounds
 l - 3 potions of attraction {unknown}
 n - 2 potions of lignification {unknown}
 r - a potion of mutation {unknown}
 s - 7 potions of curing
 t - 2 potions of ambrosia {unknown}
 w - 3 potions of haste
 z - 6 potions of might {unknown}
 D - 2 potions of cancellation
 E - a potion of degeneration {unknown}
 L - a potion of magic
 M - a potion of resistance
Miscellaneous
 Q - a phantom mirror


   Skills:
 - Level 1.5 Fighting
 - Level 16.0 Bows
 - Level 2.6 Dodging
 + Level 14.4 Stealth
 + Level 4.4 Evocations


You had 9 spell levels left.
You didn't know any spells.
Your spell library contained the following spells:

 Spells                   Type           Power      Damage    Failure   Level
 Beastly Appendage        Tmut           0%         N/A       34%         1
 Sandblast                Erth           0%         2d4       34%         1
 Ensorcelled Hibernation  Hex/Ice        0%         N/A       47%         2
 Passwall                 Tmut/Erth      0%         N/A       47%         2
 Wereblood                Tmut           0%         N/A       47%         2
 Dazzling Flash           Conj/Hex       0%         N/A       71%         3
 Spider Form              Tmut/Pois      0%         N/A       71%         3
 Stone Arrow              Conj/Erth      0%         3d7       71%         3
 Swiftness                Air            0%         N/A       71%         3
 Iskenderun's Mystic Bla  Conj/Tloc      0%         2d3       98%         4
 Starburst                Conj/Fire      0%         6d3       100%        6


Dungeon Overview and Level Annotations

Branches:
Dungeon (10/15)            Temple (1/1) D:6            Lair (0/6) D:10
    Orc (0/2) D:9           Sewer (visited)

Altars:
Ashenzari
Cheibriados
Dithmenos
Elyvilon
Fedhas
Gozag
Kikubaaqudgha
Nemelex Xobeh
Okawaru
Qazlal
Ru
Sif Muna
Trog
Vehumet
Wu Jian
Xom
Yredelemnul
Zin
The Shining One

Shops:
D:1 !   D:6 (

Annotations:
D:7 Joseph
D:9 1 runed translucent door, Vorhees's ghost, journeyman DjCj
D:10 Fannar


Innate Abilities, Weirdness & Mutations

You are very small and have problems with some larger weapons.
You are too small for most types of armour.
You have supernaturally acute eyesight. (SInv)
You cover ground extremely quickly. (Speed+++)


Message History

Why would you want to do that?
You enter the shallow water.
Moving in this stuff is going to be slow.
Fannar gestures wildly while chanting.
You shoot an arrow. The arrow hits the ice beast.
The ice beast is moderately wounded.
You shoot an arrow. The arrow hits the ice beast.
The ice beast is heavily wounded.
You shoot an arrow. The arrow closely misses the ice beast.
You shoot an arrow. The arrow hits the ice beast!
The ice beast is severely wounded.
Shoot: b) +4 shortbow (vorpal)
Press: ? - help, Shift-Dir - straight line, f - Fannar, p - ice beast
Aim: Fannar, wielding a staff of cold and wearing a +2 robe of cold resistance (moderately wounded, 64% to hit)
You shoot an arrow. The arrow closely misses Fannar.
Shoot: b) +4 shortbow (vorpal)
Press: ? - help, Shift-Dir - straight line, f/p - Fannar
Aim: Fannar, wielding a staff of cold and wearing a +2 robe of cold resistance (moderately wounded, 64% to hit)
You shoot an arrow. The arrow barely misses Fannar.
Shoot: b) +4 shortbow (vorpal)
Press: ? - help, Shift-Dir - straight line, f/p - Fannar
Aim: Fannar, wielding a staff of cold and wearing a +2 robe of cold resistance (moderately wounded, 64% to hit)
You shoot an arrow. The arrow misses Fannar.
Shoot: b) +4 shortbow (vorpal)
Press: ? - help, Shift-Dir - straight line, f/p - Fannar
Aim: Fannar, wielding a staff of cold and wearing a +2 robe of cold resistance (moderately wounded, umbra, 64% to hit)
You shoot an arrow. The arrow hits Fannar!
Fannar is heavily wounded.
Fannar casts a spell.
Fannar drains the heat from the surrounding environment!
Ouch! That really hurt!
Shoot: b) +4 shortbow (vorpal)
Press: ? - help, Shift-Dir - straight line, f/p - Fannar
Aim: Fannar, wielding a staff of cold and wearing a +2 robe of cold resistance (heavily wounded, 64% to hit)
You shoot an arrow. The arrow hits Fannar.
Fannar is severely wounded.
Fannar gestures wildly while chanting.
Fannar drains the heat from the surrounding environment!
Ouch! That really hurt!
You die...

......#.#.#.†................
............†.................
............†..†..............
.................).≈.≈.≈≈..≈≈.
....#..########...≈≈.≈.≈≈≈.≈..
....#........#..≈≈≈≈[≈.≈≈≈.≈..
....#........#...≈≈≈≈≈.≈≈≈≈...
....#........#...≈≈≈≈).≈≈≈....
....#........#..@.≈≈≈≈.)≈.≈≈..
....#........##.Y.≈≈≈≈.≈.≈≈≈..
....#........#...≈≈≈...≈.≈≈≈≈.
#......>.#.Y.≈≈≈....≈≈≈≈≈≈
#..e.≈≈....≈≈≈≈≈≈
#..≈≈≈.≈.>..≈≈≈≈≈
#...≈≈≈....≈≈≈≈≈≈
#..≈≈≈≈)≈.≈.≈≈≈≈).
#....≈≈≈≈≈≈≈≈≈≈≈≈..


You could see Fannar and 2 ice beasts.

Vanquished Creatures
  An unseen horror (D:10)
  2 trolls (D:10)
  A hornet (D:9)
  2 wyverns
  3 vampire mosquitoes (D:10)
  A steam dragon (D:7)
  4 wargs (D:9)
  A water moccasin (D:7)
  Edmund (D:6)
  Duvessa (D:6)
  2 black bears
  A sky beast (D:4)
  3 orc warriors
  3 wolves (D:10)
  3 centaurs
  2 ogres
  4 gnoll sergeants
  7 bullfrogs
  5 scorpions
  5 wights (D:8)
  Dowan (D:6)
  5 howler monkeys
  2 electric eels (D:10)
  3 jellies
  2 gnoll shamans
  5 hounds
  6 orc priests
  2 iguanas
  10 orc wizards
  Robin (D:2)
  36 gnolls
  14 adders
  7 river rats (Sewer)
  An ufetubus (D:5)
  A worm (D:2)
  A dart slug (D:2)
  25 orcs
  3 endoplasms
  5 giant cockroaches
  16 goblins
  18 hobgoblins
  2 jackals (D:1)
  9 kobolds
  2 quokkas
  10 ball pythons
  3 bats
  4 frilled lizards
  25 rats
  A butterfly (D:6)
272 creatures vanquished.

Vanquished Creatures (others)
  A plant (D:4)
  2 withered plants (D:9)
3 creatures vanquished.

Grand Total: 275 creatures vanquished

Notes
Turn   | Place    | Note
-------+----------+-------------------------------------------
     0 | D:1      | Crownlay the Spriggan Hunter began the quest for the Orb.
     0 | D:1      | Reached XP level 1. HP: 10/10 MP: 2/2
     9 | D:1      | Found Ophyhat's Distillery.
    69 | D:1      | Reached skill level 5 in Bows
   330 | D:1      | Reached XP level 2. HP: 14/14 MP: 3/3
   796 | D:2      | Reached XP level 3. HP: 18/18 MP: 4/4
   937 | D:2      | Reached skill level 6 in Bows
   946 | D:2      | Reached XP level 4. HP: 20/22 MP: 5/5
  1108 | D:2      | Noticed Robin
  1157 | D:2      | Killed Robin
  1512 | D:2      | Reached XP level 5. HP: 25/25 MP: 6/6
  1625 | D:2      | Found a bloodstained altar of Trog.
  1812 | D:2      | Reached skill level 7 in Bows
  1945 | D:2      | Found a faded altar of an unknown god.
  2170 | D:3      | Found a glowing drain.
  2184 | Sewer    | Entered a sewer
  2233 | Sewer    | Reached skill level 5 in Stealth
  2342 | Sewer    | Reached XP level 6. HP: 30/30 MP: 7/7
  2393 | Sewer    | Reached skill level 8 in Bows
  3273 | D:4      | Reached XP level 7. HP: 33/33 MP: 8/8
  3439 | D:4      | Reached skill level 9 in Bows
  3727 | D:4      | Reached skill level 10 in Bows
  3952 | D:5      | Entered Level 5 of the Dungeon
  4231 | D:5      | Reached XP level 8. HP: 37/37 MP: 9/9
  4330 | D:5      | Found a sacrificial altar of Ru.
  4591 | D:6      | Found a staircase to the Ecumenical Temple.
  4598 | Temple   | Entered the Ecumenical Temple
  4872 | D:6      | Reached skill level 11 in Bows
  5044 | D:6      | Found Pypefo's Antique Weapon Boutique.
  5173 | D:6      | Noticed Dowan
  5174 | D:6      | Noticed Duvessa
  5196 | D:6      | Killed Duvessa
  5197 | D:6      | Reached skill level 10 in Stealth
  5197 | D:6      | Killed Dowan
  5198 | D:6      | Reached skill level 12 in Bows
  5363 | D:6      | Found a shadowy altar of Dithmenos.
  5371 | D:6      | Became a worshipper of Dithmenos the Shadowed
  5479 | D:6      | Noticed Edmund
  5517 | D:6      | Killed Edmund
  6002 | D:7      | Reached XP level 9. HP: 41/41 MP: 10/10
  6615 | D:7      | Reached skill level 13 in Bows
  6845 | D:7      | Noticed Joseph
  7197 | D:8      | Identified 2 scrolls of acquirement
  7199 | D:8      | Acquired a +4 vorpal shortbow
  7212 | D:8      | Acquired 1030 gold pieces
  7328 | D:1      | Bought a potion of cancellation for 96 gold pieces
  7328 | D:1      | Bought a potion of magic for 96 gold pieces
  7328 | D:1      | Bought a potion of flight for 36 gold pieces
  7328 | D:1      | Bought a potion of resistance for 120 gold pieces
  7459 | D:8      | Reached * piety under Dithmenos
  7460 | D:8      | Reached skill level 14 in Bows
  8238 | D:9      | Reached XP level 10. HP: 42/46 MP: 9/11
  8342 | D:9      | Reached ** piety under Dithmenos
  8406 | D:9      | Found a runed translucent door.
  8407 | D:9      | Noticed Vorhees's ghost (journeyman DjCj)
  8456 | D:9      | Reached skill level 15 in Bows
  8546 | D:9      | Found a staircase to the Orcish Mines.
  8926 | D:10     | Entered Level 10 of the Dungeon
  8945 | D:10     | Reached skill level 1 in Evocations
  9017 | D:10     | Reached skill level 16 in Bows
  9039 | D:10     | Found a staircase to the Lair.
  9075 | D:10     | Noticed Fannar
  9116 | D:10     | Killed from afar by Fannar

Illustrated notes

Levels and vault maps discovered:
D:1:      lemuel_arrival_behind_the_door_large, layout_rooms, serial_shops,
          shop, roderic_lattice_a
D:2:      layout_loops_corners, basic_altar, shapermc_ecumenical_altar_petra,
          uniq_robin
D:3:      layout_rooms, portal_sewer_entry_c, minmay_misc_feat_more_columns,
          hangedman_glass_teeth
D:4:      corexii_shantytown, layout_basic
D:5:      layout_rooms, nicolae_ru_awakened_eye, serial_glass, glass_columns_c,
          glass_columns_b
D:6:      layout_loops_ring, nicolae_dithmenos_shadow_blocks,
          minmay_temple_entry_butterflies, serial_shops, nicolae_shop_stone,
          kennysheep_generic_room_4, uniq_duvessa, uniq_edmund
D:7:      layout_basic, uniq_joseph
D:8:      layout_cave_pools
D:9:      cheibrodos_elevator_heist, layout_irregular_city,
          minmay_orc_entry_guard_dogs, gammafunk_ghost_grave, dk_noncrumbling_3,
          nrook_mini_vaults
D:10:     layout_grid_maze, mainiacjoe_overflow_alcove_4,
          makhleb_altar_promises_db, mainiacjoe_overflow_paths,
          erik_lair_island, serial_shops, shop, serial_glass, glass_columns_b,
          glass_columns_c, hangedman_weighted_door, uniq_fannar, uniq_nergalle
Temple:   minmay_temple_bridge_d

Skill      XL: |  1  2  3  4  5  6  7  8  9 10 |
---------------+-------------------------------+-----
Bows           | 5 6 7 8 10 12 14 16 | 16.0
Stealth        | 2 3 4 5 6 8 10 12 14 | 14.4
Evocations     | 4 |  4.4
Fighting       | |  1.5
Dodging        | |  2.6

Action                   |  1- 3 |  4- 6 |  7- 9 | 10-12 || total
-------------------------+-------+-------+-------+-------++-------
Melee: Shortbow          |       |       |     3 |       ||     3
 Fire: Shortbow          |    63 |   205 |   378 |   140 ||   786
  Use: Scroll            |       |     6 |    10 |     1 ||    17
 Stab: Sleeping          |       |       |     1 |       ||     1
Armor: Robe              |     2 |     9 |     3 |       ||    14
       Steam dragon scal |       |       |       |     8 ||     8
Dodge: Dodged            |    24 |   150 |    71 |    82 ||   327

Table legend: (Time is in decaauts)
 A = Elapsed time spent in this place.
 B = Non-inter-level travel time spent in this place.
 C = Inter-level travel time spent in this place.
 D = Time resting spent in this place.
 E = Time spent auto-exploring this place.
 F = Levels seen in this place.
 G = Mean time per level.
                   A        B        C        D        E       F      G
               +--------+--------+--------+--------+--------+-----+--------+
         Total |   6708 |   6390 |    318 |      0 |   5160 |  12 |  559.0 |
       Dungeon |   6198 |   5903 |    295 |      0 |   4800 |  10 |  619.8 |
        Temple |    120 |     98 |     22 |      0 |     89 |   1 |  120.0 |
         Sewer |    390 |    390 |      0 |      0 |    270 |   1 |  390.0 |
               +--------+--------+--------+--------+--------+-----+--------+

Top non-repeatable levels by time:
     D:6: 986 daAuts
     D:7: 859 daAuts
     D:2: 806 daAuts
     D:1: 739 daAuts
     D:4: 685 daAuts
     D:8: 641 daAuts
     D:9: 515 daAuts
     D:5: 466 daAuts
   Sewer: 390 daAuts
     D:3: 362 daAuts
    D:10: 136 daAuts
  Temple: 120 daAuts
